 Dungeon Crawl Stone Soup version 0.25.0 (webtiles) character file.

Game seed: 8430653325276860340

367 MDvedh the Spear-Bearer (level 6, -5/44 HPs)
             Began as a Merfolk Gladiator on June 12, 2020.
             Slain by a hippogriff (7 damage)
             ... on level 7 of the Dungeon.
             The game lasted 00:03:48 (4126 turns).

MDvedh the Spear-Bearer (Merfolk Gladiator)         Turns: 4126, Time: 00:03:49

Health: -5/44      AC:  4    Str: 15    XL:     6   Next: 69%
Magic:  6/6        EV: 14    Int:  8    God:
Gold:   170        SH:  0    Dex: 16    Spells: 5/5 levels left

rFire    . . .     SeeInvis .   a - +0 trident
rCold    . . .     Gourm    .   (no shield)
rNeg     . . .     Faith    .   b - +0 leather armour
rPois    .         Spirit   .   c - +0 helmet
rElec    .         Reflect  .   (no cloak)
rCorr    .         Harm     .   (no gloves)
MR       .....                  (no boots)
Stlth    +.........             (no amulet)
HPRegen  0.14/turn              k - ring of wizardry
MPRegen  0.10/turn              (no ring)

@: mighty
A: change form in water, swift swim, stealthy swim
a: no special abilities


You were on level 7 of the Dungeon.
You were not hungry.

You visited 1 branch of the dungeon, and saw 5 of its levels.

You collected 170 gold pieces.

Inventory:

Hand Weapons
 a - a +0 trident (weapon)
Missiles
 d - 2 throwing nets (quivered)
Armour
 b - a +0 leather armour (worn)
 c - a +0 helmet (worn)
Jewellery
 k - a ring of wizardry (left hand)
 r - an uncursed ring of positive energy {unknown}
Scrolls
 e - 6 scrolls of identify {unknown}
 g - 3 scrolls of remove curse {unknown}
 j - 3 scrolls of amnesia {unknown}
 l - a scroll of enchant weapon {unknown}
 n - 2 scrolls of immolation {unknown}
 p - 2 scrolls of enchant armour {unknown}
 s - a scroll of teleportation {unknown}
Potions
 h - a potion of might
 i - 2 potions of curing
 m - 3 potions of berserk rage {unknown}
 o - a potion of ambrosia {unknown}
 q - a potion of brilliance {unknown}
 t - a potion of flight {unknown}
Comestibles
 f - 8 rations
 u - 2 chunks of flesh


   Skills:
 - Level 2.1 Fighting
 + Level 10.4 Polearms
 - Level 2.0 Throwing
 - Level 4.0 Dodging


You had 5 spell levels left.
You didn't know any spells.
Your spell library was empty.

Dungeon Overview and Level Annotations

Branches:
Dungeon (4/15)
 Temple: D:4-7

Altars:
Ru

Shops:
D:7 :


Message History

You hit the hippogriff but do no damage.
You hit the hippogriff.
The hippogriff is lightly wounded.
The hippogriff bites you! The hippogriff pecks you. The hippogriff claws you.
You feel very mighty all of a sudden. The hippogriff bites you!
The hippogriff pecks you. The hippogriff claws you.
* * * LOW HITPOINT WARNING * * *
Unknown command.
You hit the hippogriff.
The hippogriff is lightly wounded.
The hippogriff bites you.
* * * LOW HITPOINT WARNING * * *
The hippogriff barely misses you. The hippogriff misses you.
Unknown command.
You barely miss the hippogriff.
The hippogriff is lightly wounded.
The hippogriff bites you.
* * * LOW HITPOINT WARNING * * *
The hippogriff closely misses you. The hippogriff claws you!
You die...

#.......# #....... #
...##.#######.####
#.#
#.##.##...##..###
.##.#.
#..).)...(##.∩...
.....
#.##)##...##..###
#.#.##.##.###......#
#.........# ###.####
###...##### #...#
###@# #...# #H#
##### ..[ .#.##
....# .. ..# ... ...
##. .<..


You could see a hippogriff.

Vanquished Creatures
  A big kobold (D:7)
  A howler monkey (D:4)
  A bullfrog skeleton (D:4)
  A hound (D:3)
  A worker ant (D:7)
  2 hound skeletons (D:4)
  A gnoll (D:1)
  5 adders
  An ooze (D:2)
  A worm (D:2)
  A dart slug (D:2)
  A leopard gecko (D:2)
  4 orcs (D:7)
  4 giant cockroaches
  14 goblins
  12 hobgoblins
  11 jackals
  9 kobolds
  8 bats
  4 frilled lizards
  7 rats
90 creatures vanquished.

Notes
Turn   | Place    | Note
-------+----------+-------------------------------------------
     0 | D:1      | MDvedh the Merfolk Gladiator began the quest for the Orb.
     0 | D:1      | Reached XP level 1. HP: 16/16 MP: 1/1
    37 | D:1      | Reached skill level 5 in Polearms
   124 | D:1      | Reached XP level 2. HP: 19/22 MP: 2/2
   600 | D:1      | Reached skill level 6 in Polearms
   600 | D:1      | Reached XP level 3. HP: 27/27 MP: 3/3
  1660 | D:2      | Reached skill level 7 in Polearms
  1660 | D:2      | Reached XP level 4. HP: 30/33 MP: 4/4
  2613 | D:2      | Reached skill level 8 in Polearms
  2615 | D:2      | Reached XP level 5. HP: 38/38 MP: 5/5
  2875 | D:3      | Found a sacrificial altar of Ru.
  3493 | D:4      | Reached skill level 9 in Polearms
  3557 | D:4      | Reached XP level 6. HP: 21/44 MP: 6/6
  3810 | D:4      | You fall into a shaft and drop 3 floors!
  3833 | D:7      | Found Ypyskoyrr's Book Shop.
  4074 | D:7      | Reached skill level 10 in Polearms
  4118 | D:7      | Noticed a hippogriff
  4126 | D:7      | HP: 2/44 [hippogriff (6)]
  4126 | D:7      | Slain by a hippogriff

Illustrated notes

Levels and vault maps discovered:
D:1:      minmay_arrival_five_plusses, layout_loops_corners,
          kennysheep_pointless_box, st_stairs_3
D:2:      layout_basic, first_ration
D:3:      layout_basic, lemuel_round_altar
D:4:      layout_loops_corners, uniq_blork_the_orc
D:7:      layout_loops_cross, grunt_temple_overflow_holy_war,
          nicolae_overflow_quartered_altars, nemelex_xobeh_ov_fountains_minmay,
          serial_shops, shop, nicolae_shop_competitors_out_of_business, shop,
          nicolae_shop_statue_plus, shop_fountains

Skill      XL: |  1  2  3  4  5  6 |
---------------+-------------------+-----
Polearms       | 5 6 7 8 9 10 | 10.4
Fighting       | |  2.1
Throwing       | |  2.0
Dodging        | |  4.0

Action                   |  1- 3 |  4- 6 || total
-------------------------+-------+-------++-------
Melee: Trident           |   113 |   190 ||   303
Throw: Throwing net      |     3 |       ||     3
  Use: Potion            |       |     3 ||     3
 Stab: Sleeping          |     1 |     5 ||     6
       Distracted        |       |     2 ||     2
  Eat: Chunk             |     2 |     8 ||    10
Armor: Leather armour    |    25 |    26 ||    51
Dodge: Dodged            |    84 |    79 ||   163
